General information
			
			
        
        - name: BNet
 
        - type: Ladder team game (AT/RT)
 
        - host: Battle.net
 
        - saver: TIMG4STRok
 
        
map: SilverpineForest 
        - players: 6
 
        - length: 38:31
 
        - speed: Fast
 - version: 1.22 W3XP
 - replay type:  

 
» download(310 KB)
Players
        team 1 (loser) 
              
              
» 
BRAUMS (
yellow | 96 APM | 3695 actions | 38:26)
              
 8 Mountain King 
 3 Storm Bolt
 3 Bash
 1 Avatar
 1 Thunder Clap
 
                » actions 
                
                | Assign group hotkey | 33 |  | 
| Basic commands | 207 |  | 
| Build / train | 163 |  | 
| ESC pressed | 16 |  | 
| Enter build submenu | 79 |  | 
| Enter hero's abilities submenu | 8 |  | 
| Right click | 1390 |  | 
| Select / deselect | 948 |  | 
| Select group hotkey | 678 |  | 
| Use ability | 173 |  | 
                3695 total
 » units 
                
                | Peasant | 32 |  | 
| Rifleman | 7 |  | 
| Dragonhawk Rider | 4 |  | 
| Sorceress | 6 |  | 
| Gryphon Rider | 17 |  | 
| Flying Machine | 9 |  | 
                75 total
 » upgrades
                
                | Masonry | 3 |  | 
| Magic Sentry | 1 |  | 
| Long Rifles | 1 |  | 
| Sorceress Training | 2 |  | 
| Storm Hammers | 1 |  | 
| Armor | 3 |  | 
| Swords | 1 |  | 
| Animal War Training | 1 |  | 
| Flak Cannons | 1 |  | 
| Gunpowder | 1 |  | 
                15 total
 » buildings
                
                | Blacksmith | 1 |  | 
| Barracks | 1 |  | 
| Altar of Kings | 1 |  | 
| Farm | 10 |  | 
| Arcane Vault | 1 |  | 
| Lumber Mill | 1 |  | 
| Scout Tower | 48 |  | 
| Arcane Tower | 1 |  | 
| Guard Tower | 39 |  | 
| Town Hall | 1 |  | 
| Keep | 1 |  | 
| Castle | 1 |  | 
| Arcane Sanctum | 1 |  | 
| Gryphon Aviary | 2 |  | 
| Workshop | 2 |  | 
                111 total
 » build order
                00:24 Blacksmith
00:44 Barracks
01:02 Altar of Kings
01:19 Farm
01:59 Farm
02:16 Arcane Vault
02:46 Lumber Mill
03:32 Scout Tower
03:55 Farm
04:02 Arcane Tower
04:05 Scout Tower
04:47 Farm
04:48 Guard Tower
05:48 Farm
06:09 Scout Tower
06:11 Town Hall
06:16 Scout Tower
06:24 Scout Tower
06:37 Guard Tower
07:16 Guard Tower
07:16 Scout Tower
07:22 Keep
07:34 Guard Tower
07:52 Scout Tower
07:53 Scout Tower
07:57 Guard Tower
08:00 Scout Tower
08:32 Guard Tower
08:41 Scout Tower
08:56 Guard Tower
08:57 Guard Tower
08:57 Scout Tower
08:59 Scout Tower
09:21 Scout Tower
09:23 Guard Tower
09:25 Scout Tower
09:34 Guard Tower
09:36 Guard Tower
10:06 Scout Tower
10:10 Castle
11:02 Guard Tower
11:04 Scout Tower
11:24 Scout Tower
11:42 Scout Tower
11:43 Scout Tower
11:52 Scout Tower
11:54 Scout Tower
11:56 Scout Tower
11:59 Arcane Sanctum
12:18 Guard Tower
12:25 Guard Tower
12:26 Guard Tower
12:26 Guard Tower
12:57 Guard Tower
12:58 Scout Tower
13:17 Scout Tower
13:28 Guard Tower
13:29 Scout Tower
13:46 Guard Tower
14:04 Guard Tower
14:04 Guard Tower
14:08 Scout Tower
14:09 Scout Tower
14:15 Scout Tower
14:19 Scout Tower
14:25 Gryphon Aviary
14:26 Gryphon Aviary
14:35 Scout Tower
14:38 Guard Tower
14:39 Guard Tower
14:40 Scout Tower
14:41 Scout Tower
14:43 Guard Tower
14:43 Scout Tower
15:00 Farm
15:04 Scout Tower
15:06 Guard Tower
15:10 Guard Tower
15:10 Guard Tower
15:11 Guard Tower
15:11 Guard Tower
15:12 Scout Tower
15:15 Guard Tower
15:16 Scout Tower
16:02 Guard Tower
16:03 Scout Tower
16:26 Guard Tower
16:28 Scout Tower
16:29 Scout Tower
16:32 Guard Tower
16:33 Scout Tower
17:27 Guard Tower
17:29 Scout Tower
18:08 Guard Tower
18:09 Scout Tower
19:04 Farm
19:06 Guard Tower
19:07 Scout Tower
19:08 Scout Tower
19:23 Scout Tower
19:26 Scout Tower
19:36 Farm
20:16 Farm
20:20 Guard Tower
21:00 Scout Tower
25:39 Guard Tower
26:59 Workshop
27:01 Workshop
32:52 Scout Tower
33:59 Guard Tower
35:37 Farm
» items
                
                | Lesser Clarity Potion | 2 |  | 
| Scroll of Town Portal | 8 |  | 
| Dust of Appearance | 1 |  | 
| Potion of Mana | 1 |  | 
| Potion of Healing | 3 |  | 
| Boots of Speed | 1 |  | 
| Scroll of Regeneration | 3 |  | 
| Orb of Fire | 1 |  | 
| Scroll of Healing | 2 |  | 
                22 total
  
               
              
              
» 
kunt.roII (
teal | 121 APM | 4647 actions | 38:29)
              
 6 Dark Ranger 
 2 Black Arrow
 3 Silence
 1 Charm
 
                » actions 
                
                | Assign group hotkey | 81 |  | 
| Basic commands | 105 |  | 
| Build / train | 109 |  | 
| ESC pressed | 25 |  | 
| Enter build submenu | 62 |  | 
| Enter hero's abilities submenu | 6 |  | 
| Give item / drop item | 10 |  | 
| Remove unit from queue | 1 |  | 
| Right click | 1852 |  | 
| Select / deselect | 655 |  | 
| Select group hotkey | 1581 |  | 
| Use ability | 160 |  | 
                4647 total
 » units 
                
                | Wisp | 32 |  | 
| Huntress | 5 |  | 
| Archer | 6 |  | 
| Chimaera | 13 |  | 
| Goblin Zeppelin | 1 |  | 
| Hippogryph | 8 |  | 
                65 total
 » upgrades
                
                | Corrosive Breath | 1 |  | 
| Strength of the Wild | 1 |  | 
| Moon Armor | 0 |  | 
| Reinforced Hides | 1 |  | 
                3 total
 » buildings
                
                | Altar of Elders | 2 |  | 
| Moon Well | 16 |  | 
| Hunter's Hall | 2 |  | 
| Ancient of War | 2 |  | 
| Ancient of Wonders | 2 |  | 
| Tree of Ages | 6 |  | 
| Tree of Life | 5 |  | 
| Ancient Protector | 12 |  | 
| Tree of Eternity | 4 |  | 
| Ancient of Wind | 2 |  | 
| Chimaera Roost | 8 |  | 
                61 total
 » build order
                00:08 Altar of Elders
00:19 Moon Well
01:53 Hunter's Hall
01:55 Ancient of War
02:26 Moon Well
02:32 Ancient of Wonders
02:58 Moon Well
03:08 Ancient of Wonders
03:16 Moon Well
03:23 Moon Well
03:40 Moon Well
03:45 Moon Well
04:24 Tree of Ages
04:24 Tree of Ages
06:05 Tree of Life
06:35 Ancient Protector
06:37 Ancient Protector
07:16 Moon Well
07:18 Moon Well
08:33 Ancient Protector
09:39 Tree of Eternity
09:55 Ancient Protector
10:09 Ancient Protector
10:10 Ancient Protector
10:18 Ancient Protector
11:07 Ancient Protector
11:08 Ancient Protector
11:09 Ancient Protector
11:40 Tree of Life
11:42 Ancient Protector
12:27 Ancient Protector
13:36 Tree of Ages
14:29 Tree of Life
14:59 Tree of Life
16:32 Tree of Eternity
16:32 Tree of Eternity
16:41 Moon Well
16:42 Moon Well
16:56 Ancient of War
19:07 Ancient of Wind
19:12 Hunter's Hall
20:36 Chimaera Roost
20:38 Chimaera Roost
20:46 Chimaera Roost
20:50 Chimaera Roost
21:09 Ancient of Wind
22:30 Chimaera Roost
22:31 Chimaera Roost
22:32 Chimaera Roost
22:33 Chimaera Roost
23:09 Moon Well
24:27 Tree of Life
24:29 Moon Well
24:30 Moon Well
27:08 Moon Well
29:50 Altar of Elders
32:51 Moon Well
» items
                
                | Dust of Appearance | 5 |  | 
| Moonstone | 3 |  | 
| Lesser Clarity Potion | 2 |  | 
| Potion of Lesser Invulnerability | 3 |  | 
| Scroll of Town Portal | 3 |  | 
| Legion Doom-Horn | 1 |  | 
| Amulet of Spell Shield | 1 |  | 
| Staff of Teleportation | 1 |  | 
                19 total
  
               
              
              
» 
TIMG4STRok (
blue | 85 APM | 3271 actions | 38:31)
              
 5 Mountain King 
 3 Storm Bolt
 2 Bash
 3 Paladin 
 1 Holy Light
 1 Devotion Aura
 1 Divine Shield
 
                » actions 
                
                | Assign group hotkey | 29 |  | 
| Basic commands | 74 |  | 
| Build / train | 115 |  | 
| ESC pressed | 1 |  | 
| Enter build submenu | 50 |  | 
| Enter hero's abilities submenu | 8 |  | 
| Give item / drop item | 7 |  | 
| Right click | 1339 |  | 
| Select / deselect | 342 |  | 
| Select group hotkey | 1150 |  | 
| Use ability | 156 |  | 
                3271 total
 » units 
                
                | Peasant | 19 |  | 
| Footman | 7 |  | 
| Siege Engine | 9 |  | 
| Gryphon Rider | 4 |  | 
| Goblin Zeppelin | 1 |  | 
                40 total
 » upgrades
                
                | Masonry | 3 |  | 
| Defend | 1 |  | 
| Gunpowder | 3 |  | 
| Lumber Harvesting | 2 |  | 
| Plating | 2 |  | 
| Barrage | 1 |  | 
| Animal War Training | 1 |  | 
| Storm Hammers | 1 |  | 
| Swords | 1 |  | 
                15 total
 » buildings
                
                | Altar of Kings | 1 |  | 
| Barracks | 1 |  | 
| Farm | 13 |  | 
| Scout Tower | 23 |  | 
| Arcane Tower | 2 |  | 
| Lumber Mill | 1 |  | 
| Town Hall | 3 |  | 
| Guard Tower | 18 |  | 
| Keep | 1 |  | 
| Arcane Vault | 1 |  | 
| Blacksmith | 1 |  | 
| Castle | 1 |  | 
| Workshop | 2 |  | 
| Gryphon Aviary | 2 |  | 
                70 total
 » build order
                00:08 Altar of Kings
00:17 Barracks
00:32 Farm
00:35 Farm
01:10 Farm
01:46 Farm
01:49 Scout Tower
02:12 Farm
02:26 Arcane Tower
03:23 Lumber Mill
04:34 Town Hall
04:37 Scout Tower
04:38 Scout Tower
04:39 Scout Tower
04:41 Scout Tower
05:06 Guard Tower
05:06 Guard Tower
05:09 Guard Tower
05:09 Guard Tower
05:22 Guard Tower
05:34 Guard Tower
06:05 Scout Tower
06:06 Scout Tower
06:42 Guard Tower
06:43 Keep
06:51 Arcane Vault
06:54 Scout Tower
06:55 Scout Tower
06:57 Scout Tower
07:00 Scout Tower
07:02 Scout Tower
07:03 Scout Tower
07:12 Scout Tower
07:12 Scout Tower
07:32 Guard Tower
08:30 Guard Tower
08:38 Guard Tower
08:40 Arcane Tower
09:26 Scout Tower
09:26 Scout Tower
09:58 Guard Tower
10:04 Blacksmith
10:06 Farm
10:07 Scout Tower
10:17 Castle
11:35 Workshop
11:36 Workshop
11:41 Guard Tower
11:54 Scout Tower
13:36 Farm
13:37 Farm
13:41 Farm
13:42 Farm
14:03 Guard Tower
16:50 Farm
16:51 Farm
18:09 Town Hall
19:03 Gryphon Aviary
20:21 Gryphon Aviary
20:23 Farm
23:39 Town Hall
23:42 Scout Tower
23:42 Scout Tower
23:43 Scout Tower
23:44 Scout Tower
» items
                
                | Boots of Speed | 1 |  | 
| Scroll of Town Portal | 5 |  | 
| Lesser Clarity Potion | 6 |  | 
| Scroll of Regeneration | 6 |  | 
| Staff of Sanctuary | 2 |  | 
| Orb of Fire | 2 |  | 
| Potion of Mana | 2 |  | 
| Potion of Healing | 2 |  | 
| Pendant of Energy | 1 |  | 
| Potion of Greater Healing | 1 |  | 
                28 total
  
               team 2 (winner) 
              
              
» 
FFA_FIVE (
red | 99 APM | 3831 actions | 38:31)
              
 9 Death Knight 
 3 Death Coil
 3 Unholy Aura
 1 Animate Dead
 2 Death Pact
 8 Lich 
 3 Frost Nova
 3 Dark Ritual
 1 Death and Decay
 1 Frost Armor
 
                » actions 
                
                | Assign group hotkey | 66 |  | 
| Basic commands | 26 |  | 
| Build / train | 103 |  | 
| Enter build submenu | 30 |  | 
| Enter hero's abilities submenu | 18 |  | 
| Give item / drop item | 6 |  | 
| Remove unit from queue | 1 |  | 
| Right click | 1389 |  | 
| Select / deselect | 464 |  | 
| Select group hotkey | 1538 |  | 
| Use ability | 190 |  | 
                3831 total
 » units 
                
                | Acolyte | 16 |  | 
| Ghoul | 7 |  | 
| Gargoyle | 6 |  | 
| Frost Wyrm | 6 |  | 
                35 total
 » upgrades
                
                | Creature Attack | 3 |  | 
| Freezing Breath | 1 |  | 
| Stone Form | 1 |  | 
| Ghoul Frenzy | 1 |  | 
| Creature Carapace | 1 |  | 
                7 total
 » buildings
                
                | Altar of Darkness | 1 |  | 
| Ziggurat | 11 |  | 
| Crypt | 3 |  | 
| Tomb of Relics | 1 |  | 
| Halls of the Dead | 2 |  | 
| Graveyard | 1 |  | 
| Sacrificial Pit | 1 |  | 
| Black Citadel | 1 |  | 
| Boneyard | 4 |  | 
| Spirit Tower | 2 |  | 
                27 total
 » build order
                00:09 Altar of Darkness
00:14 Ziggurat
00:37 Crypt
01:22 Tomb of Relics
01:45 Ziggurat
03:20 Halls of the Dead
03:47 Crypt
03:50 Crypt
04:32 Graveyard
04:36 Ziggurat
05:14 Ziggurat
06:46 Sacrificial Pit
09:50 Black Citadel
12:13 Boneyard
12:15 Boneyard
15:44 Spirit Tower
22:27 Ziggurat
22:30 Ziggurat
22:30 Ziggurat
25:06 Ziggurat
27:13 Ziggurat
30:28 Boneyard
30:33 Ziggurat
31:31 Spirit Tower
34:25 Ziggurat
34:49 Boneyard
» items
                
                | Healing Salve | 1 |  | 
| Lesser Clarity Potion | 2 |  | 
| Rod of Necromancy | 1 |  | 
| Scroll of Town Portal | 8 |  | 
| Potion of Healing | 10 |  | 
| Potion of Mana | 3 |  | 
| Scroll of Regeneration | 2 |  | 
| Orb of Corruption | 3 |  | 
| Staff of Silence | 1 |  | 
| Scroll of Healing | 3 |  | 
| Pendant of Mana | 1 |  | 
| Khadgar's Gem of Health | 1 |  | 
                36 total
  
               
              
              
Fiar (
orange | 75 APM | 2875 actions | 38:31)
              
 7 Blademaster 
 3 Wind Walk
 3 Critical Strike
 1 Bladestorm
 
                » actions 
                
                | Assign group hotkey | 13 |  | 
| Basic commands | 2 |  | 
| Build / train | 89 |  | 
| Enter build submenu | 18 |  | 
| Enter hero's abilities submenu | 7 |  | 
| Remove unit from queue | 4 |  | 
| Right click | 1958 |  | 
| Select / deselect | 463 |  | 
| Select group hotkey | 86 |  | 
| Use ability | 235 |  | 
                2875 total
 » units 
                » upgrades
                
                | Reinforced Defenses | 1 |  | 
| Liquid Fire | 1 |  | 
| Ranged Weapons | 3 |  | 
| Armor | 3 |  | 
                8 total
 » buildings
                
                | Altar of Storms | 1 |  | 
| Orc Burrow | 4 |  | 
| War Mill | 1 |  | 
| Watch Tower | 22 |  | 
| Stronghold | 3 |  | 
| Voodoo Lounge | 1 |  | 
| Beastiary | 3 |  | 
| Fortress | 2 |  | 
                37 total
 » build order
                00:13 Altar of Storms
00:15 Orc Burrow
00:46 War Mill
01:59 Watch Tower
02:10 Watch Tower
03:05 Watch Tower
03:16 Stronghold
03:16 Stronghold
04:01 Voodoo Lounge
04:07 Watch Tower
04:12 Watch Tower
04:21 Orc Burrow
05:57 Beastiary
06:03 Beastiary
06:09 Orc Burrow
06:18 Beastiary
06:24 Orc Burrow
06:28 Fortress
06:28 Fortress
19:15 Watch Tower
19:16 Watch Tower
19:17 Watch Tower
19:18 Watch Tower
19:20 Watch Tower
21:48 Watch Tower
21:49 Watch Tower
21:50 Watch Tower
21:51 Watch Tower
21:52 Watch Tower
21:54 Watch Tower
21:56 Watch Tower
21:57 Watch Tower
22:02 Watch Tower
22:07 Watch Tower
22:43 Watch Tower
22:49 Watch Tower
» items
                
                | Healing Salve | 4 |  | 
| Lesser Clarity Potion | 6 |  | 
| Scroll of Town Portal | 3 |  | 
| Orb of Lightning | 1 |  | 
| Potion of Healing | 3 |  | 
| Tiny Great Hall | 1 |  | 
| Potion of Mana | 1 |  | 
                19 total
  
               
              
              
Zeratul-1 (
purple | 70 APM | 2683 actions | 38:31)
              
 8 Mountain King 
 3 Storm Bolt
 3 Bash
 1 Avatar
 1 Thunder Clap
 
                » actions 
                
                | Assign group hotkey | 53 |  | 
| Basic commands | 71 |  | 
| Build / train | 222 |  | 
| Enter build submenu | 86 |  | 
| Enter hero's abilities submenu | 8 |  | 
| Give item / drop item | 2 |  | 
| Remove unit from queue | 1 |  | 
| Right click | 903 |  | 
| Select / deselect | 620 |  | 
| Select group hotkey | 540 |  | 
| Use ability | 177 |  | 
                2683 total
 » units 
                
                | Peasant | 34 |  | 
| Mortar Team | 11 |  | 
| Sorceress | 3 |  | 
| Dragonhawk Rider | 15 |  | 
| Flying Machine | 18 |  | 
                81 total
 » upgrades
                
                | Masonry | 3 |  | 
| Gunpowder | 3 |  | 
| Flare | 1 |  | 
| Armor | 1 |  | 
| Sorceress Training | 1 |  | 
| Fragmentation Shards | 1 |  | 
| Cloud | 1 |  | 
| Plating | 3 |  | 
| Flak Cannons | 1 |  | 
| Flying Machine Bombs | 1 |  | 
                16 total
 » buildings
                
                | Altar of Kings | 1 |  | 
| Farm | 13 |  | 
| Lumber Mill | 1 |  | 
| Scout Tower | 52 |  | 
| Arcane Tower | 6 |  | 
| Guard Tower | 89 |  | 
| Arcane Vault | 1 |  | 
| Keep | 2 |  | 
| Blacksmith | 1 |  | 
| Town Hall | 3 |  | 
| Workshop | 2 |  | 
| Castle | 1 |  | 
| Arcane Sanctum | 1 |  | 
| Gryphon Aviary | 1 |  | 
                174 total
 » build order
                00:11 Altar of Kings
00:34 Farm
01:18 Lumber Mill
01:47 Scout Tower
01:50 Scout Tower
01:59 Farm
02:04 Scout Tower
02:11 Farm
02:19 Arcane Tower
02:23 Arcane Tower
02:23 Arcane Tower
02:23 Arcane Tower
02:26 Scout Tower
02:38 Scout Tower
02:47 Guard Tower
02:47 Guard Tower
02:53 Farm
03:07 Guard Tower
03:07 Guard Tower
03:15 Guard Tower
03:16 Guard Tower
03:17 Scout Tower
03:20 Scout Tower
03:23 Scout Tower
03:33 Arcane Vault
03:54 Guard Tower
03:54 Guard Tower
03:56 Scout Tower
04:00 Scout Tower
04:03 Scout Tower
04:03 Guard Tower
04:04 Guard Tower
04:19 Guard Tower
04:19 Guard Tower
04:26 Guard Tower
04:26 Guard Tower
04:35 Guard Tower
04:35 Guard Tower
04:39 Scout Tower
05:10 Guard Tower
05:11 Guard Tower
05:12 Scout Tower
05:18 Guard Tower
05:25 Scout Tower
05:28 Farm
05:33 Keep
05:33 Keep
05:46 Guard Tower
05:46 Guard Tower
06:12 Scout Tower
06:25 Guard Tower
06:29 Scout Tower
06:36 Blacksmith
06:49 Town Hall
06:51 Scout Tower
06:55 Scout Tower
06:57 Scout Tower
06:58 Scout Tower
07:10 Scout Tower
07:13 Guard Tower
07:13 Guard Tower
07:14 Scout Tower
07:22 Guard Tower
07:26 Scout Tower
07:27 Guard Tower
07:27 Guard Tower
07:34 Scout Tower
07:38 Guard Tower
07:38 Guard Tower
07:44 Guard Tower
07:45 Scout Tower
07:58 Guard Tower
07:58 Guard Tower
08:00 Scout Tower
08:01 Guard Tower
08:01 Guard Tower
08:33 Workshop
08:35 Workshop
08:43 Guard Tower
08:43 Guard Tower
08:45 Scout Tower
08:56 Scout Tower
09:03 Guard Tower
09:15 Scout Tower
09:16 Guard Tower
09:16 Guard Tower
09:24 Scout Tower
09:32 Guard Tower
10:51 Town Hall
10:52 Scout Tower
10:54 Scout Tower
11:24 Guard Tower
11:29 Scout Tower
11:52 Scout Tower
11:56 Guard Tower
11:56 Guard Tower
11:56 Guard Tower
12:01 Scout Tower
12:22 Guard Tower
12:22 Guard Tower
12:29 Guard Tower
12:30 Guard Tower
13:46 Scout Tower
13:51 Castle
14:01 Scout Tower
14:18 Guard Tower
14:18 Guard Tower
14:36 Guard Tower
14:38 Scout Tower
14:55 Arcane Sanctum
15:13 Scout Tower
15:14 Scout Tower
15:17 Guard Tower
15:23 Scout Tower
15:39 Scout Tower
15:42 Scout Tower
15:48 Farm
15:50 Farm
16:07 Scout Tower
16:07 Guard Tower
16:08 Guard Tower
16:10 Guard Tower
16:11 Guard Tower
16:12 Guard Tower
16:14 Scout Tower
16:19 Scout Tower
16:37 Guard Tower
16:37 Guard Tower
16:46 Scout Tower
17:22 Scout Tower
17:23 Guard Tower
17:23 Guard Tower
17:31 Farm
17:54 Guard Tower
18:15 Scout Tower
18:23 Gryphon Aviary
18:44 Guard Tower
19:20 Farm
19:28 Guard Tower
19:28 Guard Tower
19:29 Scout Tower
19:57 Guard Tower
19:57 Guard Tower
19:58 Scout Tower
20:24 Farm
20:54 Guard Tower
20:54 Guard Tower
21:58 Guard Tower
21:59 Guard Tower
22:00 Scout Tower
22:27 Farm
23:05 Farm
24:27 Town Hall
24:34 Farm
» items
                
                | Scroll of Regeneration | 1 |  | 
| Staff of Teleportation | 1 |  | 
| Healing Salve | 1 |  | 
| Scroll of Town Portal | 6 |  | 
| Orb of Corruption | 1 |  | 
                10 total
  
                Chat log
          (00:11 / All) TIMG4STRok: gl........hf.......
(00:19 / All) Zeratul-1: indeedy
(00:25 / All) kunt.roII: please go easy on me
(00:26 / All) kunt.roII: im a new player
(00:28 / All) TIMG4STRok: manner game please
(00:29 / All) Zeratul-1: me 2
(00:34 / All) kunt.roII: k :()
(01:11 / All) kunt.roII: clan towa?
(01:18 / All) kunt.roII: thats a noob clan
(01:20 / All) Zeratul-1: ya it is
(01:34 / All) TIMG4STRok: "how can we strive to be like clan towa in every game we play"
(01:49 / All) BRAUMS: god dam lumber mill first wth?
(02:02 / All) BRAUMS: never...seen..this strat..
(02:08 / All) TIMG4STRok: hey lets tower i bet these kids have never seen it and wont know what to do
(02:39 / All) BRAUMS: Dam look mh
(03:04 / All) BRAUMS: sure hope...
(03:07 / All) BRAUMS: ur towers.....make it up....
(06:03 / All) BRAUMS: watch....out..
(08:12 / All) BRAUMS: holy...cow..
(10:45 / All) Zeratul-1: can you stop mh'ing thanks
(24:46 / Allies) kunt.roII: tt
(26:32 / All) Fiar: good job guys :
(26:34 / All) Fiar: :(
(26:36 / All) kunt.roII: : (((((
(27:13 / All) TIMG4STRok: is this where we cry because you made frost wyrms and bats
(27:20 / All) TIMG4STRok: help me out on that, i'm not used to losing ?
(27:30 / All) FFA_FIVE: what
(27:33 / All) Fiar: strange because you're practically 50% trash
(27:35 / All) TIMG4STRok: lmao
(27:36 / All) Fiar: barely 60%
(27:40 / All) TIMG4STRok: thats why you dodge right
(27:45 / All) FFA_FIVE: ??
(27:45 / All) TIMG4STRok: barely 62.5%**
(27:47 / All) Fiar: dodge?
(27:50 / All) Fiar: you feel special?
(27:54 / All) TIMG4STRok: lmao
(27:57 / All) Fiar: i havent 1v1ed anyone from that forum
(28:00 / All) Fiar: except kirb
(28:24 / All) TIMG4STRok: because you're afraid of the truth.
(28:31 / All) Fiar: whats that
(28:37 / All) Fiar: how does cuny treat you friend
(28:41 / All) TIMG4STRok: that you're bad at this game and can only win doing gimmicky shit ehehehe
(28:48 / All) Zeratul-1: "gimicky"
(28:51 / All) TIMG4STRok: how does nassau community college treat you
(28:56 / All) FFA_FIVE: who is this guy?
(28:58 / All) TIMG4STRok: lmao
(29:00 / All) Fiar: i go to private lol
(29:02 / All) kunt.roII: LOL
(29:08 / All) TIMG4STRok: nice dodging where you go
(29:13 / All) TIMG4STRok: thats a little sad dont you think
(29:17 / All) Fiar: why would i tell people over the internet
(29:23 / All) TIMG4STRok: why does it matter
(29:24 / All) Fiar: im not that desperate for friends i have some
(29:32 / All) TIMG4STRok: what am i going to do
(29:36 / All) TIMG4STRok: all  i could do is make fun of you
(29:45 / All) Fiar: fail for the rest of your life
(29:49 / All) Fiar: going to a cuny
(29:51 / All) TIMG4STRok: lmao
(29:55 / All) Fiar: could be worse
(29:59 / All) TIMG4STRok: hows that "private school" treating you
(30:00 / All) Fiar: you could be a performing arts major
(30:02 / All) Fiar: HAHAHAHAH
(30:04 / All) Fiar: AHAHAHAHAHAHAHAAHAH
(30:06 / All) TIMG4STRok: could have gone to molloy,
(30:21 / All) Fiar: too bad you went to cuny
(30:41 / All) TIMG4STRok: all i can assume since you wont tell me where you go to is that you go some place worse than i do
(30:44 / All) TIMG4STRok: hows that working out for oyu
(30:49 / All) Fiar: not even close
(30:56 / All) TIMG4STRok: right, that's why you wont tell me
(30:57 / All) Fiar: i just am not some fool
(31:01 / All) Fiar: who likes to talk about real life
(31:04 / All) Fiar: on a forum
(31:05 / All) Fiar: or game
(31:08 / All) TIMG4STRok: it's along the same lines why clan stne dodges me, because they're better than me right?
(31:53 / All) BRAUMS: Dam we had a ne
(31:55 / All) BRAUMS: how lucky are u kids
(31:59 / All) FFA_FIVE: ?
(32:02 / All) BRAUMS: stne type excuse
(32:04 / All) TIMG4STRok: wahhh they made bats wahhh
(32:04 / All) BRAUMS: stne trademarked rofl
(32:06 / All) Fiar: no the problem was you had a performing arts major
(32:11 / All) TIMG4STRok: nah the problem is
(32:13 / All) BRAUMS: said the nerd
(32:14 / All) TIMG4STRok: you even cried to hydro
(32:16 / All) BRAUMS: who wants to be a professor
(32:17 / All) TIMG4STRok: about how you cant beat me
(32:19 / All) FFA_FIVE: what are you guys talking about
(32:20 / All) BRAUMS: lamo
(32:21 / All) Fiar: "nerd"
(32:24 / All) BRAUMS: u are a nerd
(32:27 / All) BRAUMS: you're double majoring
(32:27 / All) TIMG4STRok: "if i was good at 1v1 i'd stomp timg or talons, people that annoy me"
(32:29 / All) BRAUMS: in two 
(32:31 / All) BRAUMS: areas
(32:35 / All) BRAUMS: that nobody cares about
(32:39 / All) BRAUMS: political science
(32:40 / All) BRAUMS: rofl
(32:41 / All) TIMG4STRok: lmao i got the chatlog buddy
(32:43 / All) FFA_FIVE: who are these people
(32:46 / All) TIMG4STRok: "im not angry" -fiar
(32:50 / All) Fiar: he asked me to 1v1 and i said if i cared enough i would 1v1 towa or talons
(32:54 / All) Fiar: but the fact i dont care prevents me
(32:56 / All) BRAUMS: your not mad
(32:57 / All) TIMG4STRok: lmao
(33:00 / All) Zeratul-1: more fanbois
(33:00 / All) TIMG4STRok: of course you don't care
(33:03 / All) Zeratul-1: that remember everything we say
(33:05 / All) BRAUMS: hey zeratul
(33:07 / All) BRAUMS: remember those 10 games
(33:08 / All) Zeratul-1: while we remember nothing about them
(33:09 / All) BRAUMS: we stomped u
(33:09 / All) Fiar: im sorry i have alot of fans
(33:13 / All) Fiar: im sorry
(33:19 / All) TIMG4STRok: "i have a lot of fans thats why i dodge 1v1"
(33:28 / All) TIMG4STRok: what is it like to dodge all the time, i wouldn't know
(33:34 / All) TIMG4STRok: at least i have the balls to lose a game eheheheh
(34:08 / All) BRAUMS: borrowing the stne tatic
(34:10 / All) TIMG4STRok: oh well at least we lose to patented clan towa strategy
(34:11 / All) BRAUMS: of dragging a losing game out
(34:13 / All) kunt.roII: LOL
(34:15 / All) BRAUMS: for 30 more minutes
(34:17 / All) FFA_FIVE: ?
(34:27 / All) Fiar: i would borrow a towa tactic
(34:31 / All) TIMG4STRok: you do
(34:31 / All) FFA_FIVE: a lot of people hate you fiar
(34:32 / All) Fiar: and blame my at teammates that im losing
(34:33 / All) TIMG4STRok: you have
(34:33 / All) Fiar: but im not
(34:34 / All) TIMG4STRok: you are
(34:42 / All) BRAUMS: of course a lot of peopl;e hate fiar
(34:42 / All) TIMG4STRok: silverpine is almost as famous as highperch
(34:43 / All) BRAUMS: hes some nerd
(34:45 / All) BRAUMS: that's angry
(34:46 / All) BRAUMS: 24/7
(34:56 / All) FFA_FIVE: it looks like you guys are the mad ones here
(34:59 / All) TIMG4STRok: just goes to show clan towa has created a monster so strong not even we can contain it......
(35:03 / All) BRAUMS: Sorry just beating my meat
(35:04 / All) BRAUMS: alt tabbing
(35:08 / All) BRAUMS: every other time
(35:10 / All) BRAUMS: in this game
(35:12 / All) Fiar: you invited bats and wyrms
(35:13 / All) Fiar: wow?
(35:16 / All) Fiar: i never new
(35:17 / All) Fiar: knew
(35:31 / All) BRAUMS: rdy to give me all your army
(37:17 / All) BRAUMS: wow maphack
(37:17 / All) BRAUMS: more
(37:18 / All) BRAUMS: Stne
(37:21 / All) kunt.roII: lmao
(37:22 / All) FFA_FIVE: ?
(37:36 / All) BRAUMS: rdy to lose
(37:41 / All) Fiar: yes because what other use
(37:44 / All) Fiar: is a zepplin
(38:00 / All) Fiar: ?
(38:01 / All) BRAUMS: Dam ud imba
(38:02 / All) BRAUMS: - stne
(38:07 / All) FFA_FIVE: who ?
(38:14 / All) TIMG4STRok: want to 1v1
(38:24 / All) FFA_FIVE: who ar eyou lol
(38:27 / All) TIMG4STRok: lmao